 Dungeon Crawl Stone Soup version 0.19.0-11-g3fc08b3 (webtiles) character file.

168 6a6kaBkacke the Chopper (level 5, -4/45 HPs)
             Began as a Minotaur Gladiator on Nov 9, 2016.
             Killed from afar by an orc wizard (17 damage)
             ... with a wand of acid
             ... on level 4 of the Dungeon.
             The game lasted 00:09:09 (2674 turns).

6a6kaBkacke the Chopper (Minotaur Gladiator)        Turns: 2674, Time: 00:09:10

Health: -4/45      AC:  7    Str: 20    XL:     5   Next: 23%
Magic:  4/4        EV:  6    Int:  5    God:
Gold:   182        SH:  0    Dex: 11    Spells: 0 memorised, 4 levels left

rFire  . . .     SeeInvis +     a - +0 war axe
rCold  . . .     Gourm    .     l - +0 chain mail
rNeg   . . .     Faith    .     h - +0 shield
rPois  .         Spirit   .     c - +0 hat
rElec  .         Reflect  .     q - +1 cloak
rCorr  .         Harm     .     (no gloves)
MR     .....                    x - +0 pair of boots
Stlth  ..........               (no amulet)
                                (no ring)
                                f - ring of see invisible

@: confused, corroded
A: retaliatory headbutt, horns 2
a: no special abilities


You were on level 4 of the Dungeon.
You were not hungry.

You visited 1 branch of the dungeon, and saw 4 of its levels.

You collected 182 gold pieces.

Inventory:

Hand Weapons
 a - a +0 war axe (weapon)
Missiles
 d - 3 throwing nets (quivered)
 u - 5 exploding tomahawks
Armour
 c - a +0 hat (worn)
 h - a +0 shield (worn)
 l - a +0 chain mail (worn)
 q - a +1 cloak (worn)
 x - a +0 pair of boots (worn)
Jewellery
 f - a ring of see invisible (left hand)
Scrolls
 e - 2 scrolls of identify
 j - a scroll of enchant armour {unknown}
 n - 2 scrolls of teleportation
 o - a scroll of remove curse
 p - a scroll of fear
 s - a scroll of immolation {unknown}
 w - a scroll of blinking {unknown}
Potions
 b - 2 potions of haste
 g - a potion of brilliance
 i - a potion of might {unknown}
 m - a potion of cancellation
 r - a potion of ambrosia
Comestibles
 k - 2 meat rations
 t - a beef jerky
 v - a slice of pizza
 z - 8 chunks of flesh


   Skills:
 + Level 3.1 Fighting
 * Level 5.9 Axes
 - Level 2.0 Throwing
 + Level 1.6 Armour
 - Level 3.7 Dodging
 + Level 1.6 Shields


You had 4 spell levels left.
You didn't know any spells.

Dungeon Overview and Level Annotations

Branches:
Dungeon (4/15)
 Temple: D:4-7

Altars:
Gozag
Makhleb
Ru
Sif Muna
Vehumet
Yredelemnul
Zin


Innate Abilities, Weirdness & Mutations

You reflexively headbutt those who attack you in melee.
You have a pair of horns on your head.


Message History

The magic dart hits you!
You closely miss the orc wizard.
The orc wizard gestures wildly while chanting.
The orc wizard blinks!
The orc wizard gestures wildly while chanting.
You hit the orc.
The orc is severely wounded.
You hit the orc wizard. Your headbutt misses the orc wizard.
The orc wizard is lightly wounded.
The orc wizard hits you with a dagger of holy wrath.
The orc wizard zaps a wand.
The bolt of acid hits you! The acid corrodes you!
You are splashed with acid!
The acid burns!
* * * LOW HITPOINT WARNING * * *
It is a wand of acid.
You are confused.
You feel invigorated.
The orc wizard hits you but does no damage.
The orc wizard gestures wildly while chanting.
The orc wizard zaps a wand.
The bolt of acid hits you!
You die...

.....
..............#
.....
#.####.#######
###### #.# #.#
#.# #.# #.# #.# #
#@# #. #.#
#.####o# .
#.###....oo#....
#......(o.o....(.
...o..†##########
...o... .......
.......


You could see 2 orc wizards and 2 orcs.

Vanquished Creatures
  2 hounds (D:4)
  Robin (D:4)
  An ooze (D:1)
  2 leopard geckos
  7 orcs (D:3)
  7 bats
  2 giant cockroaches
  17 goblins
  8 hobgoblins
  9 jackals
  8 kobolds
  A quokka (D:3)
  4 frilled lizards
  A jackal skeleton (D:4)
  6 rats
76 creatures vanquished.

Notes
Turn   | Place    | Note
-------+----------+-------------------------------------------
     0 | D:1      | 6a6kaBkacke the Minotaur Gladiator began the quest for the Orb.
     0 | D:1      | Reached XP level 1. HP: 18/18 MP: 0/0
    58 | D:1      | Reached skill level 4 in Axes
   180 | D:1      | Reached XP level 2. HP: 17/25 MP: 1/1
   875 | D:2      | Found a deep blue altar of Sif Muna.
   883 | D:2      | Found an opulent altar of Gozag.
   883 | D:2      | Found a radiant altar of Vehumet.
   885 | D:2      | Found a burning altar of Makhleb.
   885 | D:2      | Found a basalt altar of Yredelemnul.
   890 | D:2      | Reached XP level 3. HP: 30/30 MP: 2/2
  1107 | D:2      | Reached skill level 1 in Armour
  1367 | D:2      | Found a glowing silver altar of Zin.
  1509 | D:3      | Reached skill level 1 in Shields
  1769 | D:3      | Found a sacrificial altar of Ru.
  1785 | D:3      | Reached XP level 4. HP: 24/37 MP: 3/3
  2263 | D:3      | Reached skill level 5 in Axes
  2593 | D:4      | Noticed Robin
  2611 | D:4      | Killed Robin
  2653 | D:4      | Reached XP level 5. HP: 40/44 MP: 4/4
  2674 | D:4      | Killed from afar by an orc wizard

Skill      XL: |  1  2  3  4  5 |
---------------+----------------+-----
Axes           | 4 5 |  5.9
Armour         | 1 |  1.6
Shields        | 1 |  1.6
Fighting       | 3 |  3.1
Throwing       | |  2.0
Dodging        | |  3.7

Action                   |  1- 3 |  4- 6 || total
-------------------------+-------+-------++-------
Melee: War axe           |   102 |    47 ||   149
       Headbutt          |    12 |     7 ||    19
Throw: Throwing net      |       |     3 ||     3
  Use: Potion            |     2 |     1 ||     3
       Scroll            |       |    10 ||    10
  Eat: Chunk             |     1 |       ||     1
       Bread ration      |       |     1 ||     1
Armor: Leather armour    |    18 |       ||    18
       Chain mail        |    50 |    21 ||    71
Dodge: Dodged            |    49 |    18 ||    67
Block: Shield            |    42 |    30 ||    72
